Map: Mech Depot LE

Players

Juxtapose

  • Race: Zerg Zerg
  • League: Silver
  • Spawn Location: 1:00

superman - Winner!

  • Race: Terran Terran
  • League: Gold
  • Spawn Location: 7:00

VOD

https://youtu.be/xqV6fvPBCyQ

Description

My final match of the day, I believe this is the first time I've faced Cyclones in Multiplayer. That was a very good early harass my opponent did, and the only option I can think of against it for future use would be a wall-off with Evolution Chambers.

Time

  • Played on: July 23, 2017, 2:22 p.m.
  • Length: 14:10
Show
View Real Time Build Order
Export as new Build Order

Juxtapose Zerg 

Build Orders: Hatch First 

Get SALT Encoding   

  12  0:01  Drone  
  13  0:13  Overlord  
  13  0:19  Drone  
  14  0:32  Drone x2  
  16  0:56  Hatchery  
  15  1:00  Drone x2  
  17  1:05  Overlord  
  17  1:20  Spawning Pool  
  16  1:26  Drone  
  16  1:27  Extractor  
  16  1:31  Drone  
  17  1:47  Drone x2  
  19  1:57  Drone  
  20  2:07  Queen  
  22  2:08  Zergling x2  
  24  2:22  Drone  
  24  2:24  Drone x2  
  26  2:30  Spore Crawler  
  26  2:31  Drone  
  26  2:35  Metabolic Boost  
  26  2:40  Drone  
  26  2:43  Drone  
  26  2:44  Queen  
  30  2:55  Drone  
  30  2:57  Spore Crawler  
  30  3:00  Zergling x4  
  32  3:07  Extractor  
  32  3:08  Drone  
  32  3:11  Queen  
  34  3:19  Drone x2  
  36  3:26  Overlord  
  36  3:47  Drone x4  
  40  4:00  Roach Warren  
  39  4:08  Drone  
  39  4:09  Drone x4  
  44  4:10  Spine Crawler  
  42  4:17  Zergling x6  
  42  4:18  Zergling x2  
  42  4:23  Zergling x4  
  39  4:41  Zergling x6  
  39  4:45  Queen  
  39  4:47  Roach  
  40  5:03  Overlord x2  
  28  5:21  Queen  
  22  5:47  Hatchery  
  25  5:50  Roach x3  
  27  5:57  Queen  
  29  6:13  Roach x3  
  35  6:34  Lair  
  35  6:38  Roach x4  
  43  7:01  Drone  
  44  7:03  Roach  
  44  7:04  Roach x2  
  50  7:12  Roach x3  
  56  7:17  Drone  
  56  7:19  Queen  
  59  7:23  Ravager  
  59  7:28  Overlord  
  60  7:36  Overlord  
  60  7:51  Drone x2  
  60  7:52  Drone  
  60  7:54  Drone x2  
  65  8:02  Ravager  
  65  8:04  Ravager  
  48  8:28  Zergling x12  
  48  8:29  Zergling x4  
  56  8:36  Queen  
  56  8:41  Zergling x4  
  60  8:51  Drone x2  
  63  8:55  Ravager  
  63  8:57  Ravager  
  64  9:09  Drone x3  
  67  9:12  Queen  
  69  9:28  Overseer  
  53  10:01  Zergling x2  
  53  10:02  Zergling x8  
  53  10:03  Roach x5  
  53  10:04  Roach x2  
  72  10:09  Infestation Pit  
  66  10:15  Hydralisk Den  
  54  10:37  Zergling x4  
  54  10:38  Zergling x8, Roach x2  
  42  11:12  Drone x2  
  42  11:14  Drone  
  42  11:15  Drone x5  
  50  11:18  Extractor  
  50  11:22  Extractor  
  50  11:23  Hydralisk x4  
  56  11:27  Overseer  
  56  11:28  Overseer  
  56  12:04  Hatchery  
  55  12:11  Drone x3  
  55  12:12  Drone x2  
  60  12:36  Infestor x3  
  66  12:38  Swarm Host x3  
  66  12:42  Overlord x2  
  50  13:03  Zergling x12  
  50  13:04  Zergling x6  
  29  13:29  Zergling x10  
Show
View Real Time Build Order
Export as new Build Order

superman Terran - Winner!

Build Orders: Cyclone Opening, MMM Bio 

Get SALT Encoding   

  12  0:01  SCV  
  13  0:13  SCV  
  14  0:19  Supply Depot  
  14  0:26  SCV  
  15  0:31  Refinery  
  15  0:45  Barracks  
  15  0:49  SCV  
  16  1:05  Refinery  
  16  1:08  SCV  
  17  1:20  SCV  
  18  1:35  Factory  
  18  1:38  SCV  
  19  1:45  Barracks Reactor  
  19  1:47  Supply Depot  
  19  1:50  SCV  
  20  2:02  SCV  
  21  2:14  SCV  
  22  2:31  Cyclone x2  
  22  2:32  Marine  
  22  2:36  Supply Depot  
  29  2:39  SCV  
  30  2:50  Marine  
  31  3:03  Hellion x2  
  35  3:08  Marine  
  35  3:10  Orbital Command  
  36  3:29  Barracks Tech Lab  
  36  3:37  Barracks  
  36  3:38  Factory Tech Lab  
  36  3:41  Starport  
  36  3:44  Supply Depot  
  36  3:51  Stimpack  
  35  4:33  Marine x2, Marauder  
  35  4:34  Starport Reactor  
  35  4:35  Siege Tank  
  42  4:41  Command Center  
  39  4:50  SCV  
  40  5:02  SCV  
  40  5:14  SCV  
  38  5:26  SCV  
  39  5:34  Widow Mine  
  41  5:37  Marine x3  
  41  5:38  SCV, Command Center  
  45  5:44  Engineering Bay  
  45  5:50  Medivac  
  45  5:51  Combat Shields  
  45  5:52  Medivac  
  45  5:53  SCV  
  50  5:57  Supply Depot  
  50  6:01  Orbital Command  
  52  6:12  Siege Tank  
  52  6:15  SCV  
  54  6:19  Terran Infantry Weapons Level 1  
  54  6:23  Orbital Command  
  54  6:27  SCV, Marine  
  54  6:28  Marauder  
  58  6:49  Marine x2  
  60  6:55  Bunker  
  60  6:57  SCV x2  
  62  7:11  SCV  
  62  7:12  SCV  
  64  7:28  Marine x2, Marauder  
  64  7:29  SCV  
  70  7:30  SCV, Planetary Fortress  
  70  7:38  Barracks  
  70  7:41  Barracks  
  70  7:44  Engineering Bay  
  70  7:46  Marine  
  70  7:50  Marauder  
  73  7:51  Refinery  
  66  8:32  Marine x2  
  66  8:33  Marauder  
  58  8:41  SCV x2  
  60  8:42  Supply Depot x2  
  60  8:43  SCV  
  60  8:44  Supply Depot  
  60  8:46  Missile Turret  
  60  8:47  Supply Depot  
  60  8:48  Barracks Tech Lab x2  
  61  8:50  Marine x2  
  61  8:53  SCV x2  
  61  8:54  Marauder  
  67  8:56  SCV  
  77  9:02  Medivac  
  68  9:03  Medivac  
  68  9:05  SCV x2  
  68  9:08  SCV  
  75  9:14  Concussive Shells  
  75  9:16  Marauder x2  
  75  9:17  Marauder  
  81  9:38  Marauder x3  
  83  9:56  SCV x3  
  86  10:10  Command Center  
  86  10:18  Marine, Marauder x3  
  86  10:19  Marine  
  94  10:21  Medivac x2  
  90  10:36  Marine x2  
  90  10:39  Marauder  
  87  10:51  Marauder x2  
  87  10:54  Marine x2  
  93  11:00  Marine  
  90  11:11  Marine  
  90  11:12  Marine x3  
  90  11:13  Barracks  
  90  11:14  Barracks  
  90  11:18  Barracks x2, Marine  
  95  11:19  Medivac x2, Barracks  
  95  11:23  Hellion  
  101  11:25  Infernal Pre-Igniter  
  101  11:29  Marine x2  
  101  11:30  Marine x2  
  101  11:32  Terran Infantry Armor Level 1  
  105  11:33  Armory  
  105  11:35  Marine  
  106  11:45  Hellion  
  108  11:47  Marine x3  
  108  11:48  Marine  
  108  11:53  Marine  
  113  12:02  Planetary Fortress  
  113  12:05  Marine x4  
  113  12:06  Hellion, Missile Turret  
  119  12:09  Missile Turret  
  119  12:11  Marine  
  120  12:18  Barracks Reactor x3  
  120  12:23  Marine  
  120  12:25  Marine x3  
  120  12:26  Missile Turret  
  120  12:27  Hellion  
  120  12:29  Marine  
  127  12:40  Marine  
  127  12:42  Marine  
  127  12:43  Marine x2  
  131  12:47  Marine  
  131  12:49  Hellion  
  130  12:58  Marine  
  130  13:00  Marine x3  
  130  13:04  Marine  
  133  13:16  Marine  
  133  13:18  Marine  
Tags
 
Add a new tag
Caveats
  • Supply blocks, unpowered buildings, or Contaminate may cause inaccurate times.
  • Supply counts are checked every 10 seconds.